 Dungeon Sprint DCSS version 0.32-a0-779-g362cfcae2a (webtiles) character file.

Game seed: 14999780155224326683

6923 rocky1 the Severer (level 10, -12/101 HPs)
             Began as a Minotaur Gladiator on Mar 19, 2024.
             Was the Champion of Cheibriados.
             Mangled by an 18-headed hydra (13 damage)
             ... in the Dungeon (Sprint VII: "The Pits").
             The game lasted 00:05:10 (5036 turns).

rocky1 the Severer (Minotaur Gladiator)             Turns: 5036, Time: 00:05:12

Health: -12/101    AC: 15    Str: 37    XL:     10   Next: 80%
Magic:  3/16       EV: 20    Int: 26    God:    Cheibriados [******]
Gold:   0          SH:  0    Dex: 28    Spells: 9/9 levels left

rFire   . . .        x - +2 war axe (freeze)
rCold   . . .        (no shield)
rNeg    . . .        p - +3 chain mail
rPois   .            c - +0 hat
rElec   .            (no cloak)
rCorr   .            v - +0 pair of gloves
SInv    .            u - +0 pair of boots
Will    .....        (no amulet) Stlth
                     r - +3 ring of intelligence
HPRegen 0.36/turn    s - +3 ring of intelligence
MPRegen 0.15/turn

%: no teleportation
@: corroded, very slow
A: horns 2, retaliatory headbutt
a: Renounce Religion, Bend Time, Temporal Distortion, Slouch, Step From Time


You were in the Dungeon.
You worshipped Cheibriados.
Cheibriados was exalted by your worship.
You visited 1 branch

Inventory:

Hand Weapons
 w - a +2 dire flail of protection
 x - a +2 war axe of freezing (weapon)
Missiles
 d - 3 throwing nets (quivered)
 e - a javelin
Armour
 c - a +0 hat (worn)
 p - a +3 chain mail (worn)
 u - a +0 pair of boots (worn)
 v - a +0 pair of gloves (worn)
Jewellery
 r - a +3 ring of intelligence (left hand)
 s - a +3 ring of intelligence (right hand)
Scrolls
 k - a scroll of blinking
 m - 2 scrolls of vulnerability
 n - 5 scrolls of amnesia
 o - a scroll of summoning
Potions
 f - 11 potions of curing
 g - 5 potions of heal wounds
 h - 2 potions of haste
 i - 3 potions of magic
 j - 4 potions of berserk rage
 l - 2 potions of invisibility
 t - a potion of brilliance


   Skills:
 + Level 13.0 Fighting
 + Level 18.2 Axes
 - Level 3.5 Throwing
 + Level 13.6 Armour
 + Level 11.7 Dodging
 * Level 10.4 Invocations


You had 9 spell levels left.
You didn't know any spells.
Your spell library was empty.

Dungeon Overview and Level Annotations

Branches:
Dungeon (1/1)

Altars:
Ashenzari
Cheibriados
Dithmenos
Elyvilon
Fedhas
Gozag
Hepliaklqana
Kikubaaqudgha
Makhleb
Nemelex Xobeh
Okawaru
Qazlal
Ru
Sif Muna
Trog
Uskayaw
Vehumet
Wu Jian
Xom
Yredelemnul
Zin
The Shining One
Beogh
Jiyva
Lugonu


Innate Abilities, Weirdness & Mutations

You have a pair of horns on your head.
You reflexively headbutt those who attack you in melee.


Message History

The 15-headed hydra grows two more!
You slice the 17-headed hydra!! You freeze the 17-headed hydra.
The 17-headed hydra is severely wounded.
The 17-headed hydra bites you. The 17-headed hydra closely misses you.
The 17-headed hydra bites you but does no damage. x2
The 17-headed hydra barely misses you. The 17-headed hydra closely misses you.
The 17-headed hydra misses you. x2; The 17-headed hydra barely misses you.
The 17-headed hydra completely misses you. x2
The 17-headed hydra bites you.
The 17-headed hydra bites you but does no damage. x2
The 17-headed hydra misses you.
The 17-headed hydra bites you but does no damage.
The 17-headed hydra closely misses you.
You hit the 17-headed hydra. You freeze the 17-headed hydra.
The 17-headed hydra is severely wounded.
You slice one of the 17-headed hydra's heads off!
The 16-headed hydra grows two more!
You hit the 18-headed hydra. You freeze the 18-headed hydra.
The 18-headed hydra is heavily wounded.
The 18-headed hydra misses you. The 18-headed hydra barely misses you.
The 18-headed hydra closely misses you. The 18-headed hydra bites you.
The 18-headed hydra bites you!
* * * LOW HITPOINT WARNING * * *
The 18-headed hydra closely misses you. The 18-headed hydra bites you.
* * * LOW HITPOINT WARNING * * *
The 18-headed hydra bites you.
* * * LOW HITPOINT WARNING * * *
The 18-headed hydra completely misses you.
The 18-headed hydra bites you.
* * * LOW HITPOINT WARNING * * *
The 18-headed hydra bites you but does no damage.
The 18-headed hydra bites you!
* * * LOW HITPOINT WARNING * * *
The 18-headed hydra misses you.
The 18-headed hydra bites you but does no damage.
The 18-headed hydra misses you.
The 18-headed hydra bites you but does no damage.
The 18-headed hydra bites you!
You die...
Cheibriados appreciates the motionlessness of death.

........+ .#......#
........# #''######
#''############## ####
#......#...'.)))###...#
#....###...###..÷#...#
#...##.+...+ ##.....#
#..##..##)## ##@..##
#..#).##...##..†D..#
#..#).#.....#..#...#
#..)).+.....+..)...+
#..#÷.#.....#. #...#
#..#..##...##. +...#
#..##..##'##. #...#
#...##.'...+. .....
#....###...#


You could see a 18-headed hydra (slow).

Vanquished Creatures
  A demonic crawler (D)
  An orc high priest (D)
  A flayed ghost (D)
  A deep elf pyromancer (D)
  An orc knight (D)
  2 orc sorcerers (D)
  An elephant (D)
  A rust devil (D)
  An orange demon (D)
  Grinder (D)
  A spriggan (D)
  A wraith (D)
  A shadow (D)
  A steam dragon (D)
  4 vampire mosquitoes (D)
  An orc warrior (D)
  A sky beast (D)
  A crocodile (D)
  2 wolves (D)
  A weeping skull (D)
  A brain worm (D)
  2 gnoll sergeants (D)
  A small abomination (D)
  A scorpion (D)
  10 killer bees (D)
  A crimson imp (D)
  A jelly (D)
  An iron imp (D)
  An orc wizard (D)
  Terence (D)
  7 gnolls (D)
  An ufetubus (D)
  A dart slug (D)
  5 orcs (D)
  A bat skeleton (D)
  A giant cockroach (D)
  A hobgoblin (D)
  A ball python (D)
  2 bats (D)
  2 frilled lizards (D)
  A kobold (D)
68 creatures vanquished.

Notes
Turn   | Place    | Note
-------+----------+-------------------------------------------
     0 | D        | rocky1 the Minotaur Gladiator began the quest for the Orb.
     0 | D        | Reached XP level 1. HP: 18/18 MP: 0/0
    18 | D        | Found a bloodstained altar of Trog.
    18 | D        | Found a shimmering blue altar of Sif Muna.
    18 | D        | Found a viscous altar of Jiyva.
    18 | D        | Found a hazy altar of Hepliaklqana.
    18 | D        | Found an opulent altar of Gozag.
    19 | D        | Found a glowing golden altar of the Shining One.
    19 | D        | Found a glowing silver altar of Zin.
    19 | D        | Found a basalt altar of Yredelemnul.
    19 | D        | Found a shimmering altar of Xom.
    19 | D        | Found an ornate altar of the Wu Jian Council.
    19 | D        | Found a sacrificial altar of Ru.
    19 | D        | Found a stormy altar of Qazlal.
    19 | D        | Found an iron altar of Okawaru.
    19 | D        | Found a sparkling altar of Nemelex Xobeh.
    19 | D        | Found a burning altar of Makhleb.
    19 | D        | Found a blossoming altar of Fedhas.
    19 | D        | Found a white marble altar of Elyvilon.
    19 | D        | Found a shadowy altar of Dithmenos.
    19 | D        | Found a snail-covered altar of Cheibriados.
    22 | D        | Found a corrupted altar of Lugonu.
    22 | D        | Found a radiant altar of Vehumet.
    22 | D        | Found a roughly hewn altar of Beogh.
    23 | D        | Found an ancient bone altar of Kikubaaqudgha.
    23 | D        | Found a hide-covered altar of Uskayaw.
    23 | D        | Found a broken altar of Ashenzari.
    30 | D        | Became a worshipper of Cheibriados the Contemplative
    68 | D        | Reached * piety under Cheibriados
    69 | D        | Reached skill level 4 in Axes
    85 | D        | Reached ** piety under Cheibriados
    86 | D        | Reached skill level 5 in Axes
    86 | D        | Reached XP level 2. HP: 7/26 MP: 1/1
   772 | D        | Reached *** piety under Cheibriados
   775 | D        | Reached **** piety under Cheibriados
   776 | D        | Reached skill level 1 in Armour
   844 | D        | Noticed a scorpion
   845 | D        | Noticed a brain worm
   849 | D        | Killed a scorpion
   850 | D        | Reached skill level 7 in Axes
   850 | D        | Reached XP level 3. HP: 16/34 MP: 0/2
   850 | D        | Reached XP level 4. HP: 19/41 MP: 0/3
   856 | D        | Killed a brain worm
   857 | D        | Reached skill level 5 in Fighting
   857 | D        | Reached skill level 8 in Axes
   857 | D        | Reached XP level 5. HP: 15/48 MP: 0/4
  1138 | D        | Noticed Terence
  1140 | D        | Reached ***** piety under Cheibriados
  1141 | D        | Killed Terence
  1142 | D        | Reached skill level 9 in Axes
  1155 | D        | Noticed a wolf
  1160 | D        | Killed a wolf
  1161 | D        | Reached skill level 10 in Axes
  1161 | D        | Reached skill level 5 in Armour
  1161 | D        | Reached XP level 6. HP: 58/58 MP: 5/5
  1663 | D        | Noticed a deep elf pyromancer
  1668 | D        | Killed a deep elf pyromancer
  1668 | D        | Reached ****** piety under Cheibriados
  1669 | D        | Reached skill level 13 in Axes
  1669 | D        | Reached XP level 7. HP: 68/68 MP: 6/6
  2305 | D        | Noticed a demonic crawler
  2305 | D        | Noticed a wraith
  2310 | D        | Killed a wraith
  2311 | D        | Reached skill level 14 in Axes
  2311 | D        | Reached skill level 1 in Invocations
  2311 | D        | Reached XP level 8. HP: 66/78 MP: 1/7
  2311 | D        | Killed a demonic crawler
  2312 | D        | Reached skill level 15 in Axes
  2312 | D        | Reached skill level 10 in Armour
  2800 | D        | Reached skill level 10 in Fighting
  3069 | D        | Noticed an orange demon
  3074 | D        | Killed an orange demon
  3075 | D        | Reached skill level 16 in Axes
  3075 | D        | Reached XP level 9. HP: 67/86 MP: 10/10
  3493 | D        | Noticed an elephant
  3501 | D        | Killed an elephant
  3860 | D        | Noticed Grinder
  3863 | D        | Reached skill level 5 in Invocations
  3865 | D        | Killed Grinder
  4206 | D        | Noticed a flayed ghost
  4210 | D        | Killed a flayed ghost
  4211 | D        | Reached skill level 17 in Axes
  4211 | D        | Reached skill level 10 in Dodging
  4450 | D        | Noticed an orc high priest
  4450 | D        | Noticed an orc sorcerer
  4450 | D        | Noticed an orc sorcerer
  4451 | D        | Noticed an orange demon
  4452 | D        | Killed an orc sorcerer
  4457 | D        | Killed an orc sorcerer
  4458 | D        | Reached XP level 10. HP: 69/97 MP: 12/14
  4463 | D        | Killed an orc high priest
  4738 | D        | Noticed an orc knight
  4745 | D        | Killed an orc knight
  5017 | D        | Reached skill level 18 in Axes
  5018 | D        | Reached skill level 10 in Invocations
  5018 | D        | Noticed an eight-headed hydra
  5018 | D        | Noticed a rust devil
  5021 | D        | Killed a rust devil
  5036 | D        | HP: 1/101 [18-headed hydra (11)]
  5036 | D        | Mangled by an 18-headed hydra

Illustrated notes

Levels and vault maps discovered:
D:        pitsprint [storerooms_1, entrance_room_1, metal_vault_6, armoury_2,
          mini_pit_1, grid_room_1, main_hall_1, silver_pit, the_coven_3,
          the_vestibule_1, steel_vault_4, golden_pit, hallway_of_sentries,
          crystal_vault_6, iron_vault_1, final_vault]

Skill      XL: |  1  2  3  4  5  6  7  8  9 10 |
---------------+-------------------------------+-----
Axes           | 5 7 8 10 13 14 16 17 18 | 18.2
Dodging        | 4 6 7 9 10 11 | 11.7
Fighting       | 3 4 5 6 8 9 10 11 13 | 13.0
Armour         | 2 3 5 7 8 10 12 13 | 13.6
Throwing       | 3 |  3.5
Invocations    | 1 3 7 10 | 10.4

Action                     |  1- 3 |  4- 6 |  7- 9 | 10-12 || total
---------------------------+-------+-------+-------+-------++-------
  Melee: War axe           |    18 |    21 |    41 |    28 ||   108
         Headbutt          |     2 |     2 |    15 |     4 ||    23
 Invoke: Slouch            |       |       |     2 |     5 ||     7
    Use: Potion            |     1 |     1 |     1 |       ||     3
 Armour: Leather armour    |    16 |       |       |       ||    16
         Chain mail        |     3 |     8 |    26 |    40 ||    77
  Dodge: Dodged            |    25 |    24 |    36 |    60 ||   145

Table legend: (Time is in decaauts)
 A = Elapsed time spent in this place.
 B = Non-inter-level travel time spent in this place.
 C = Inter-level travel time spent in this place.
 D = Time resting spent in this place.
 E = Time spent auto-exploring this place.
 F = Levels seen in this place.
 G = Mean time per level.
                   A        B        C        D        E       F      G
               +--------+--------+--------+--------+--------+-----+--------+
         Total |   5241 |   5118 |    123 |   4555 |      0 |   1 | 5241.0 |
       Dungeon |   5241 |   5118 |    123 |   4555 |      0 |   1 | 5241.0 |
               +--------+--------+--------+--------+--------+-----+--------+

Top non-repeatable levels by time:
       D: 5241 daAuts
